 Dungeon Crawl Stone Soup version 0.27-a0-1290-g15d3ce7508 (webtiles) character file.

Game seed: 10840886720493650573

2839 Glokmah the Skirmisher (level 9, -7/74 HPs)
             Began as a Demonspawn Berserker on June 15, 2021.
             Was a Priest of Trog.
             Mangled by a boulder beetle (25 damage)
             ... on level 7 of the Dungeon.
             The game lasted 00:11:03 (7582 turns).

Glokmah the Skirmisher (Demonspawn Berserker)       Turns: 7582, Time: 00:11:04

Health: -7/74      AC: 13    Str: 20    XL:     9   Next: 46%
Magic:  18/18      EV: 12    Int:  8    God:    Trog [***...]
Gold:   440        SH:  0    Dex: 14    Spells: 8/8 levels left

rFire    . . .     SeeInvis .   a - +1 battleaxe
rCold    + . .     Faith    .   (shield currently unavailable)
rNeg     . . .     Spirit   .   p - +1 scale mail {rC+}
rPois    +         Reflect  .   (no helmet)
rElec    .         Harm     .   (no cloak)
rCorr    .         Rampage  .   v - +0 pair of gloves
Will     ++...                  f - +2 pair of boots
Stlth    ..........             (no amulet)
HPRegen  1.22/turn              k - ring of magical power
MPRegen  0.16/turn              n - ring of poison resistance

@: strong-willed, regenerating
A: rugged brown scales 1, foul stench 1, spiny 2
a: Renounce Religion, Berserk, Trog's Hand


You were on level 7 of the Dungeon.
You worshipped Trog.
Trog was most pleased with you.
You visited 1 branch of the dungeon, and saw 7 of its levels.

You collected 440 gold pieces.

Inventory:

Hand Weapons
 a - a +1 battleaxe (weapon)
Missiles
 h - 9 boomerangs (quivered)
 q - 4 curare-tipped darts
 r - 21 poisoned darts
 B - 4 atropa-tipped darts
 D - 2 datura-tipped darts
Armour
 f - a +2 pair of boots (worn)
 p - a +1 scale mail of cold resistance (worn)
 v - a +0 pair of gloves (worn)
Jewellery
 k - a ring of magical power (left hand)
 n - a ring of poison resistance (right hand)
Wands
 b - a wand of flame (12)
 m - a wand of mindburst (8)
 t - a wand of charming (12)
 z - a wand of iceblast (26)
Scrolls
 e - 2 scrolls of teleportation
 g - a scroll of enchant armour
 i - 2 scrolls of magic mapping
Potions
 c - 3 potions of heal wounds
 d - 4 potions of attraction
 j - 2 potions of curing
 l - a potion of brilliance {unknown}
 o - 2 potions of flight
 s - a potion of lignification {unknown}
 u - a potion of cancellation {unknown}
 x - a potion of might {unknown}
 A - a potion of mutation {unknown}
 C - a potion of berserk rage {unknown}


   Skills:
 * Level 7.6 Fighting
 * Level 7.1 Axes
 + Level 3.9 Throwing
 + Level 4.9 Armour
 + Level 4.9 Dodging


You had 8 spell levels left.
You didn't know any spells.
Your spell library was empty.

Dungeon Overview and Level Annotations

Branches:
Dungeon (7/15)             Temple (0/1) D:6

Altars:
Elyvilon
Fedhas
Nemelex Xobeh
Sif Muna
Zin
Beogh

Annotations:
D:7 1 runed translucent door, Crazy Yiuf


Innate Abilities, Weirdness & Mutations

You are partially covered in rugged brown scales. (AC +1, +3% HP)
You may rarely emit foul miasma when damaged in melee.
You are mostly covered in sharp spines.


Message History

l - a bubbling emerald potion
Found 25 stones.
Found 14 gold pieces.
You now have 440 gold pieces (gained 14).
You see here a +0 pair of gloves.
You start putting on your armour.
You continue putting on your +0 pair of gloves. x4
You finish putting on your +0 pair of gloves.
Found a white marble altar of Elyvilon.
Found a blossoming altar of Fedhas.
A boulder beetle comes into view.
The boulder beetle curls into a ball and begins rolling!
Throw: 9 boomerangs
Press: ? - help, Q - select action, (/) - cycle Shift-Dir - straight line, f - boulder beetle
Aim: a boulder beetle (rolling, 90% to hit)
You throw a boomerang. The boomerang hits the boulder beetle.
The boulder beetle is lightly wounded.
Unknown command.
Throw: 9 boomerangs
Press: ? - help, Q - select action, (/) - cycle Shift-Dir - straight line, f/p - boulder beetle
Aim: a boulder beetle (lightly wounded, rolling, 90% to hit)
You throw a boomerang.
The boomerang hits the boulder beetle but does no damage.
The boulder beetle is lightly wounded.
Throw: 9 boomerangs
Press: ? - help, Q - select action, (/) - cycle Shift-Dir - straight line, f/p - boulder beetle
Aim: a boulder beetle (lightly wounded, rolling, 90% to hit)
You throw a boomerang.
The boomerang hits the boulder beetle but does no damage.
The boulder beetle is lightly wounded.
The boulder beetle hits you!!!
Ouch! That really hurt!
* * * LOW HITPOINT WARNING * * *
The boulder beetle stops rolling and uncurls.
Unknown command.
Your skin crawls.
You feel strong-willed.
You can no longer call in reinforcements.
The boulder beetle bites you!!
You die...

*,,,,,,............# ##.##
*,,,***##.####.....## #.#
*,******#,* #......# #.#
*,* *,,,,* ###.##.# #.# *,*
*,**** ###.##.#####.#####
*,* *,* #.................
*,* *,* #..###.#####.#####
*,* *,* ##....#..# #.# #
*,* *,* #.@......# #.# #
*,* *,* *#..B.._..# #.# #
*,* *,* #....°....# #.# *,*
*,* #....8°...# #.# *,*
*,****#.........#**#.# *,**
*,,,,,..._.......,,..#
*,,*******###........#*****
**,,,*** **###......#
***,,,****,,,*,,,,***


You could see a boulder beetle.

Vanquished Creatures
  Grinder (D:3)
  Eustachio (D:5)
  5 yaks (D:5)
  Duvessa (D:5)
  A black bear (D:6)
  2 orc warriors (D:6)
  2 ogres (D:5)
  A centaur (D:6)
  The ghost of ubik the Covered, an amateur HuWn (D:3)
  Blork the orc (D:4)
  A kobold brigand (D:3)
  A water moccasin zombie (D:5)
  2 scorpions
  Dowan (D:5)
  A jelly (D:4)
  A gnoll shaman (D:7)
  3 orc priests
  4 hounds
  Ijyb (D:4)
  4 iguanas
  3 orc wizards (D:6)
  7 gnolls
  5 adders
  2 ufetubi
  31 orcs
  2 endoplasms
  A giant cockroach (D:4)
  13 goblins
  14 hobgoblins
  6 jackals
  16 kobolds
  5 quokkas
  6 ball pythons
  5 bats
  2 frilled lizards (D:1)
  3 rats
156 creatures vanquished.

Vanquished Creatures (others)
  2 fungi (D:3)
2 creatures vanquished.

Grand Total: 158 creatures vanquished

Notes
Turn   | Place    | Note
-------+----------+-------------------------------------------
     0 | D:1      | Glokmah the Demonspawn Berserker began the quest for the
                  | Orb.
     0 | D:1      | Reached XP level 1. HP: 18/18 MP: 1/1
   338 | D:1      | Gained mutation: You may rarely emit foul miasma when
                  | damaged in melee. [demonic ancestry]
   338 | D:1      | Reached XP level 2. HP: 24/24 MP: 2/2
  1505 | D:2      | Gained mutation: You are partially covered in sharp spines.
                  | [demonic ancestry]
  1505 | D:2      | Reached XP level 3. HP: 29/29 MP: 3/3
  1981 | D:2      | Reached ** piety under Trog
  1985 | D:2      | Reached XP level 4. HP: 29/35 MP: 4/4
  2093 | D:2      | Found a faded altar of an unknown god.
  3014 | D:3      | Noticed Grinder
  3028 | D:3      | Killed Grinder
  3029 | D:3      | Reached skill level 1 in Throwing
  3029 | D:3      | Gained mutation: You are partially covered in rugged brown
                  | scales. (AC +1, +3% HP) [demonic ancestry]
  3029 | D:3      | Reached XP level 5. HP: 44/44 MP: 5/5
  3029 | D:3      | Reached XP level 6. HP: 50/50 MP: 6/6
  3697 | D:3      | Noticed ubik's ghost (amateur HuWn)
  3698 | D:3      | Found a runed translucent gate.
  3698 | D:3      | Found a runed translucent gate.
  3698 | D:3      | Found a runed translucent gate.
  3719 | D:3      | Killed ubik's ghost
  4073 | D:4      | Noticed Ijyb
  4087 | D:4      | Killed Ijyb
  4088 | D:4      | Reached XP level 7. HP: 56/56 MP: 7/7
  4127 | D:4      | Reached *** piety under Trog
  4133 | D:4      | Noticed Blork the orc
  4138 | D:4      | Reached skill level 5 in Fighting
  4146 | D:4      | Killed Blork the orc
  4558 | D:4      | Reached skill level 5 in Axes
  4607 | D:5      | Entered Level 5 of the Dungeon
  4851 | D:5      | Noticed Eustachio
  4868 | D:5      | Killed Eustachio
  4869 | D:5      | Reached XP level 8. HP: 57/65 MP: 8/8
  4934 | D:5      | Noticed Dowan
  4935 | D:5      | Noticed Duvessa
  4948 | D:5      | Killed Duvessa
  4953 | D:5      | Killed Dowan
  5216 | D:5      | Found a shimmering blue altar of Sif Muna.
  5270 | D:5      | Gained mutation: You are mostly covered in sharp spines.
                  | [demonic ancestry]
  5270 | D:5      | Reached XP level 9. HP: 47/74 MP: 9/9
  5552 | D:6      | Found a sparkling altar of Nemelex Xobeh.
  5766 | D:6      | Found a staircase to the Ecumenical Temple.
  6118 | D:6      | Found a runed translucent door.
  6652 | D:6      | Reached **** piety under Trog
  7188 | D:7      | Found a runed translucent door.
  7189 | D:7      | Noticed Crazy Yiuf
  7576 | D:7      | Found a blossoming altar of Fedhas.
  7578 | D:7      | Noticed a boulder beetle
  7582 | D:7      | Mangled by a boulder beetle

Illustrated notes

Levels and vault maps discovered:
D:1:      dpeg_arrival_solitude, layout_loops_ring, chequers_jeans
D:2:      cheibrodos_greedy_goblins, layout_loops_cross, basic_ecumenical_altar
D:3:      layout_loops_ring, general_overflow_altar,
          gammafunk_ghost_nasty_kobolds, uniq_grinder
D:4:      layout_rooms, minmay_statues_item, uniq_ijyb, uniq_blork_the_orc
D:5:      layout_gridville, lemuel_round_altar, uniq_eustachio, uniq_duvessa
D:6:      layout_cave_pods, overflow_temple_1_default,
          minmay_temple_entry_crystal_x, lightli_church_of_beogh
D:7:      layout_loops_ring, grunt_temple_overflow_open, uniq_crazy_yiuf_cottage

Skill      XL: |  1  2  3  4  5  6  7  8  9 |
---------------+----------------------------+-----
Axes           | 3 4 5 6 7 |  7.1
Armour         | 2 3 4 |  4.9
Dodging        | 2 3 4 |  4.9
Fighting       | 4 5 7 |  7.6
Throwing       | 1 2 3 |  3.9

Action                   |  1- 3 |  4- 6 |  7- 9 || total
-------------------------+-------+-------+-------++-------
Melee: Hand axe          |    67 |    88 |   143 ||   298
       Battleaxe         |       |       |    21 ||    21
Throw: Boomerang         |       |       |    32 ||    32
Invok: Berserk           |     5 |     7 |     8 ||    20
       Trog's Hand       |       |     2 |     7 ||     9
  Use: Potion            |     1 |       |     1 ||     2
       Scroll            |       |       |    11 ||    11
 Stab: Sleeping          |     1 |       |       ||     1
Armor: Animal skin       |     7 |       |       ||     7
       Leather armour    |    10 |     9 |       ||    19
       Chain mail        |       |    17 |       ||    17
       Scale mail        |       |     4 |    76 ||    80
Dodge: Dodged            |    43 |    39 |    81 ||   163

Table legend: (Time is in decaauts)
 A = Elapsed time spent in this place.
 B = Non-inter-level travel time spent in this place.
 C = Inter-level travel time spent in this place.
 D = Time resting spent in this place.
 E = Time spent auto-exploring this place.
 F = Levels seen in this place.
 G = Mean time per level.
                   A        B        C        D        E       F      G
               +--------+--------+--------+--------+--------+-----+--------+
         Total |   7779 |   7109 |    670 |   1597 |   4396 |   7 | 1111.3 |
       Dungeon |   7779 |   7109 |    670 |   1597 |   4396 |   7 | 1111.3 |
               +--------+--------+--------+--------+--------+-----+--------+

Top non-repeatable levels by time:
     D:1: 1496 daAuts
     D:6: 1489 daAuts
     D:2: 1442 daAuts
     D:3: 1267 daAuts
     D:5: 913 daAuts
     D:4: 651 daAuts
     D:7: 518 daAuts
